Map: Dusk Towers

Players

JeaL

  • Race: Protoss Protoss
  • League: Master

PtitDrogo - Winner!

  • Race: Protoss Protoss
  • League: Master

Event: DreamHack ZOWIE Open Leipzig

VOD

Have the link to the VOD?

Description

Time

  • Played on: Jan. 22, 2016, 7:38 a.m.
  • Length: 9:53

All games in this series

Show
View Real Time Build Order
Export as new Build Order

JeaL Protoss 

Build Orders: 1 Gate Expand, Phoenix Opening 

Get SALT Encoding   

  12  0:01  Probe (Chrono Boost)  
  13  0:12  Probe (Chrono Boost)  
  14  0:16  Pylon  
  14  0:22  Probe (Chrono Boost)  
  15  0:35  Probe (Chrono Boost)  
  16  0:38  Gateway  
  16  0:45  Probe (Chrono Boost)  
  16  0:46  Assimilator  
  17  0:56  Probe (Chrono Boost)  
  18  1:06  Probe (Chrono Boost)  
  19  1:19  Nexus  
  19  1:26  Pylon  
  19  1:29  Probe (Chrono Boost)  
  20  1:33  Assimilator  
  20  1:42  Cybernetics Core  
  20  1:43  Probe (Chrono Boost)  
  21  1:51  Pylon  
  21  1:54  Probe (Chrono Boost)  
  22  2:04  Probe (Chrono Boost)  
  23  2:16  Probe (Chrono Boost)  
  23  2:19  Adept (Chrono Boost), Warp Gate  
  26  2:26  Mothership Core  
  28  2:30  Pylon  
  28  2:35  Probe  
  29  2:43  Adept (Chrono Boost)  
  31  2:48  Probe (Chrono Boost)  
  31  2:49  Probe (Chrono Boost)  
  33  2:57  Stargate  
  33  2:59  Probe (Chrono Boost)  
  33  3:00  Assimilator  
  33  3:01  Probe (Chrono Boost)  
  34  3:09  Adept  
  34  3:10  Probe (Chrono Boost)  
  37  3:13  Probe (Chrono Boost)  
  37  3:18  Pylon  
  38  3:21  Probe (Chrono Boost)  
  39  3:28  Probe (Chrono Boost)  
  40  3:36  Probe (Chrono Boost)  
  41  3:42  Stargate  
  41  3:44  Phoenix (Chrono Boost)  
  40  3:49  Probe  
  40  3:51  Probe  
  42  4:00  Probe  
  43  4:04  Probe  
  43  4:08  Pylon  
  44  4:10  Phoenix (Chrono Boost)  
  44  4:11  Probe  
  44  4:16  Probe  
  48  4:21  Probe  
  49  4:28  Probe  
  52  4:31  Phoenix (Chrono Boost)  
  52  4:32  Phoenix (Chrono Boost)  
  52  4:35  Probe  
  53  4:40  Stargate  
  53  4:44  Probe, Assimilator  
  50  4:53  Probe, Phoenix (Chrono Boost)  
  50  4:57  Pylon  
  50  4:58  Phoenix (Chrono Boost)  
  55  5:02  Probe  
  55  5:05  Probe  
  57  5:14  Probe  
  58  5:15  Phoenix (Chrono Boost)  
  58  5:17  Probe  
  61  5:23  Adept  
  61  5:26  Probe, Phoenix (Chrono Boost)  
  65  5:33  Probe  
  65  5:35  Phoenix (Chrono Boost)  
  68  5:38  Probe  
  68  5:40  Phoenix (Chrono Boost)  
  71  5:46  Probe  
  71  5:50  Probe, Phoenix (Chrono Boost)  
  74  5:58  Probe  
  74  6:00  Phoenix (Chrono Boost)  
  74  6:02  Probe  
  78  6:06  Pylon  
  78  6:13  Nexus  
  78  6:17  Pylon  
  78  6:24  Probe  
  79  6:27  Phoenix (Chrono Boost)  
  79  6:28  Phoenix (Chrono Boost)  
  79  6:32  Protoss Air Weapons Level 1 (Chrono Boost)  
  83  6:39  Probe x2  
  83  6:41  Pylon  
  83  6:44  Assimilator  
  85  6:48  Assimilator  
  85  6:50  Phoenix (Chrono Boost)  
  85  6:51  Probe  
  85  6:52  Phoenix (Chrono Boost)  
  88  6:55  Probe  
  88  6:58  Pylon  
  91  7:01  Phoenix (Chrono Boost)  
  91  7:12  Fleet Beacon  
  91  7:15  Probe x2  
  93  7:20  Phoenix (Chrono Boost)  
  95  7:24  Probe  
  95  7:26  Phoenix (Chrono Boost)  
  95  7:27  Probe x2  
  100  7:35  Probe  
  101  7:37  Phoenix  
  101  7:39  Probe x2  
  101  7:44  Pylon  
  105  7:47  Phoenix  
  106  7:52  Phoenix  
  98  8:02  Phoenix  
  98  8:05  Anion Pulse-Crystals (Chrono Boost)  
  92  8:07  Probe x2  
  92  8:11  Phoenix  
  96  8:14  Phoenix  
  96  8:16  Probe  
  98  8:27  Nexus, Phoenix  
  98  8:33  Assimilator  
  100  8:35  Phoenix  
  100  8:36  Phoenix  
  100  8:37  Assimilator  
  104  8:45  Stargate  
  104  8:48  Pylon  
  104  8:51  Pylon  
  104  8:52  Phoenix  
  106  8:56  Forge  
  106  8:57  Phoenix  
  108  9:04  Phoenix  
  106  9:19  Phoenix  
  106  9:20  Phoenix  
  106  9:22  Probe x2  
  112  9:32  Photon Cannon  
  112  9:35  Photon Cannon  
  112  9:39  Photon Cannon  
Show
View Real Time Build Order
Export as new Build Order

PtitDrogo Protoss - Winner!

Build Orders: Phoenix Opening 

Get SALT Encoding   

  12  0:01  Probe (Chrono Boost)  
  13  0:11  Probe (Chrono Boost)  
  14  0:17  Pylon  
  14  0:22  Probe (Chrono Boost)  
  16  0:35  Gateway, Probe (Chrono Boost)  
  16  0:41  Assimilator  
  16  0:46  Probe (Chrono Boost)  
  17  0:57  Probe (Chrono Boost)  
  18  1:07  Probe (Chrono Boost)  
  19  1:18  Probe (Chrono Boost)  
  20  1:30  Probe (Chrono Boost)  
  21  1:35  Cybernetics Core  
  21  1:41  Probe (Chrono Boost)  
  21  1:45  Assimilator  
  22  1:47  Nexus  
  22  1:52  Probe (Chrono Boost)  
  23  1:58  Pylon  
  23  2:12  Warp Gate  
  23  2:16  Probe, Adept (Chrono Boost)  
  26  2:28  Probe  
  27  2:34  Stargate  
  27  2:40  Probe, Adept (Chrono Boost)  
  30  2:52  Probe  
  30  2:57  Probe  
  31  3:03  Adept (Chrono Boost)  
  31  3:04  Probe  
  35  3:07  Probe  
  35  3:10  Assimilator  
  36  3:15  Pylon, Phoenix (Chrono Boost)  
  40  3:20  Probe (Chrono Boost)  
  40  3:23  Mothership Core (Chrono Boost)  
  41  3:30  Pylon  
  41  3:33  Probe (Chrono Boost)  
  42  3:36  Phoenix  
  44  3:42  Probe (Chrono Boost)  
  44  3:45  Probe (Chrono Boost)  
  44  3:52  Probe (Chrono Boost), Assimilator  
  44  3:57  Probe (Chrono Boost), Pylon  
  44  3:58  Phoenix  
  47  4:03  Probe (Chrono Boost)  
  47  4:09  Probe (Chrono Boost)  
  48  4:10  Gateway  
  48  4:13  Probe (Chrono Boost)  
  48  4:16  Stalker  
  51  4:20  Phoenix  
  51  4:21  Probe (Chrono Boost)  
  51  4:24  Probe (Chrono Boost)  
  55  4:33  Probe (Chrono Boost)  
  55  4:34  Probe (Chrono Boost)  
  57  4:42  Gateway  
  57  4:45  Probe x2 (Chrono Boost)  
  59  4:48  Phoenix  
  61  4:53  Stargate  
  61  4:55  Probe (Chrono Boost)  
  63  5:04  Pylon  
  63  5:06  Probe (Chrono Boost)  
  63  5:10  Phoenix  
  65  5:17  Robotics Facility  
  65  5:22  Probe (Chrono Boost)  
  65  5:23  Nexus  
  66  5:31  Probe (Chrono Boost)  
  66  5:32  Phoenix (Chrono Boost)  
  69  5:37  Phoenix (Chrono Boost)  
  69  5:39  Probe (Chrono Boost)  
  72  5:44  Pylon  
  72  5:45  Probe (Chrono Boost)  
  73  5:50  Probe (Chrono Boost)  
  73  5:52  Fleet Beacon  
  72  5:57  Phoenix (Chrono Boost)  
  72  5:59  Probe  
  75  6:06  Phoenix (Chrono Boost)  
  75  6:11  Probe x2, Pylon  
  79  6:12  Assimilator  
  79  6:16  Assimilator  
  79  6:19  Phoenix (Chrono Boost)  
  79  6:23  Probe  
  81  6:30  Anion Pulse-Crystals (Chrono Boost)  
  79  6:35  Phoenix (Chrono Boost)  
  79  6:38  Probe x2  
  79  6:39  Probe  
  82  6:40  Phoenix (Chrono Boost)  
  82  6:41  Observer  
  85  6:50  Probe  
  85  6:51  Probe  
  85  6:52  Probe  
  88  7:00  Phoenix (Chrono Boost)  
  90  7:02  Pylon, Phoenix (Chrono Boost)  
  90  7:03  Probe  
  90  7:04  Probe x2  
  90  7:08  Protoss Air Armor Level 1 (Chrono Boost)  
  95  7:15  Probe  
  96  7:16  Probe  
  96  7:21  Phoenix (Chrono Boost)  
  99  7:24  Twilight Council  
  99  7:26  Phoenix (Chrono Boost)  
  101  7:37  Gateway  
  101  7:40  Gateway x2, Phoenix (Chrono Boost)  
  101  7:41  Pylon  
  103  7:48  Phoenix  
  103  8:01  Phoenix  
  99  8:12  Dark Shrine  
  99  8:13  Phoenix  
  101  8:22  Forge  
  101  8:23  Phoenix  
  103  8:29  Nexus  
  103  8:35  Pylon  
  103  8:37  Assimilator  
  103  8:38  Phoenix  
  103  8:41  Stalker x2  
  109  8:42  Assimilator  
  109  8:44  Phoenix  
  111  8:49  Probe  
  112  9:00  Photon Cannon  
  112  9:01  Photon Cannon  
  112  9:02  Photon Cannon  
  112  9:03  Phoenix, Photon Cannon  
  106  9:26  Gateway, Dark Templar x3  
  106  9:27  Dark Templar  
  106  9:30  Gateway  
  114  9:33  Stalker x2  
  118  9:44  Gateway  
  118  9:46  Gateway  

Tags
 
Add a new tag
Caveats
  • Supply blocks, unpowered buildings, or Contaminate may cause inaccurate times.
  • Supply counts are checked every 10 seconds.